 Dungeon Crawl Stone Soup version 0.30.1-9-gdf580d7c3d (webtiles) character file.

Game seed: 6066760498218667535

2915789 Amplified the Invulnerable (level 27, 261/273 HPs)
             Began as a Minotaur Hedge Wizard on Oct 14, 2023.
             Was a High Priest of Okawaru.
             Escaped with the Orb
             ... and 5 runes on Oct 18, 2023!
             The game lasted 02:34:59 (80825 turns).

Amplified the Invulnerable (Minotaur Hedge Wizard) Turns: 80825, Time: 02:34:59

Health: 261/273    AC: 32    Str: 24    XL:     27
Magic:  14/14      EV: 20    Int: 11    God:    Okawaru [*****.]
Gold:   6318       SH: 37    Dex: 23    Spells: 24/49 levels left

rFire   + + +        Q - +9 double sword (antimagic)
rCold   . . .        k - +10 tower shield of Ignorance {rN+ Int-4}
rNeg    + + +        X - +7 chain mail of Boalaep {rF+ Str+4 Dex+3 Stlth-}
rPois   +            S - +0 mask of the Dragon {Will+ Slay+3 SInv}
rElec   .            V - scarf {repulsion}
rCorr   +            o - +1 pair of gloves "Ysuv" {rF+ Int+4}
SInv    +            g - +2 pair of boots
Will    +++..        H - amulet "Birrodem" {Acrobat rN+ MP+9 Str+3}
Stlth   +            J - ring of Doank {rPois rN+ rCorr Slay+3}
HPRegen 0.65/turn    W - ring of Xom's Full Attention {rF+ rN+}
MPRegen 0.14/turn

%: repel missiles, acrobat
@: no status effects
A: horns 2, retaliatory headbutt, see invisible, low MP 1, weak 1, subdued magic
1
0: Orb of Zot
}: 5/15 runes: decaying, serpentine, slimy, silver, abyssal
a: Renounce Religion, Heroism, Finesse, Duel


You escaped.
You worshipped Okawaru.
Okawaru was extremely pleased with you.
You visited 12 branches of the dungeon, and saw 56 of its levels.
You visited the Abyss 4 times.
You visited 1 bazaar.
You visited 1 ziggurat, and saw 10 of its levels.
You also visited: Ossuary, Bailey, Gauntlet, Ice Cave and Wizlab.

You collected 10853 gold pieces.
You spent 4535 gold pieces at shops.

Inventory:

Hand Weapons
 r - the +7 Throatcutter {drain, coup de grace}
   (You found it on level 3 of the Dungeon)
 y - the +9 scimitar "Rutil" {flame, rF+++ rC++ Str-4 Dex-2}
   (You found it on level 7 of a ziggurat)

   Str:       It affects your strength (-4).
   Dex:       It affects your dexterity (-2).
   rF:        It renders you almost immune to fire.
   rC:        It greatly protects you from cold.
 Q - a +9 antimagic double sword (weapon)
Missiles
 u - 3 throwing nets
 R - 6 curare-tipped darts (quivered)
Armour
 a - a +2 crystal plate armour of cold resistance
 g - a +2 pair of boots (worn)
 i - the +3 warlock's mirror {omnireflect}
   (You found it on level 1 of the Orcish Mines)

   Omnireflect: It can block and reflect piercing ranged attacks and magical
   attacks against the wielder's willpower.
 k - the +10 tower shield of Ignorance (worn) {rN+ Int-4}
   (You acquired it on level 13 of the Dungeon)

   Int:       It affects your intelligence (-4).
   rN:        It protects you from negative energy.
 o - the +1 pair of gloves "Ysuv" (worn) {rF+ Int+4}
   (You took it off Nikola on level 3 of the Snake Pit)

   Int:       It affects your intelligence (+4).
   rF:        It protects you from fire.
 S - the +0 mask of the Dragon (worn) {Will+ Slay+3 SInv}
   (You found it on level 1 of the Vaults)

   Slay:      It affects your accuracy & damage with ranged weapons and melee
   (+3).
   SInv:      It lets you see invisible.
   Will:      It increases your willpower.
 V - a scarf of repulsion (worn)
 X - the +7 chain mail of Boalaep (worn) {rF+ Str+4 Dex+3 Stlth-}
   (You found it on level 3 of the Vaults)

   Str:       It affects your strength (+4).
   Dex:       It affects your dexterity (+3).
   rF:        It protects you from fire.
   Stlth:     It makes you less stealthy.
 Y - a +0 cloak of cold resistance
Jewellery
 m - the ring of Wuxzaf {rPois Will+ Str+6}
   (You took it off a tengu reaver on level 5 of the Vaults)

   [ring of strength]

   Str:       It affects your strength (+6).
   rPois:     It protects you from poison.
   Will:      It increases your willpower.
 t - the amulet "Tihan" {RegenMP rC++ Will+}
   (You took it off a vault guard on level 5 of the Vaults)

   [amulet of magic regeneration]

   It increases your rate of magic regeneration.
   rC:        It greatly protects you from cold.
   Will:      It increases your willpower.
 H - the amulet "Birrodem" (around neck) {Acrobat rN+ MP+9 Str+3}
   (You found it in a wizard's laboratory)

   [amulet of the acrobat]

   It increases your evasion while moving and waiting.
   Str:       It affects your strength (+3).
   rN:        It protects you from negative energy.
   MP:        It affects your magic capacity (+9).
 J - the ring of Doank (left hand) {rPois rN+ rCorr Slay+3}
   (You took it off a deep elf zephyrmancer on level 3 of the Elven Halls)

   [ring of poison resistance]

   Slay:      It affects your accuracy & damage with ranged weapons and melee
   (+3).
   rPois:     It protects you from poison.
   rN:        It protects you from negative energy.
   rCorr:     It protects you from acid and corrosion.
 W - the ring of Xom's Full Attention (right hand) {rF+ rN+}
   (You took it off a guardian mummy on level 3 of the Crypt)

   [ring of positive energy]

   rF:        It protects you from fire.
   rN:        It protects you from negative energy.
 Z - the amulet of Incredulity {RegenMP rElec rPois Stlth-}
   (You found it on level 9 of a ziggurat)

   [amulet of magic regeneration]

   It increases your rate of magic regeneration.
   rElec:     It insulates you from electricity.
   rPois:     It protects you from poison.
   Stlth:     It makes you less stealthy.
Wands
 q - a wand of paralysis (49)
 C - a wand of acid (18)
 F - a wand of polymorph (6)
 I - a wand of digging (13)
 K - a wand of iceblast (81)
 P - a wand of mindburst (55)
Scrolls
 c - 3 scrolls of blinking
 e - a scroll of fog
 f - 12 scrolls of teleportation
 s - 2 scrolls of poison
 z - a scroll of enchant armour
 M - 6 scrolls of fear
 N - 8 scrolls of identify
 O - 5 scrolls of amnesia
 T - a scroll of silence
Potions
 b - 2 potions of berserk rage
 d - 13 potions of magic
 h - a potion of resistance
 l - 2 potions of cancellation
 n - 24 potions of curing
 p - 9 potions of flight
 v - 3 potions of haste
 w - 19 potions of attraction
 x - 11 potions of brilliance
 A - 20 potions of mutation
 B - 14 potions of lignification
 D - 5 potions of might
 L - 2 potions of heal wounds
Miscellaneous
 G - a phial of floods


   Skills:
 O Level 27 Fighting
 - Level 4.6(10.2) Short Blades
 - Level 15.2(15.6) Long Blades
 - Level 2.3 Maces & Flails
 O Level 27 Armour
 - Level 14.9 Dodging
 - Level 8.4 Stealth
 O Level 27 Shields
 * Level 11.7 Spellcasting
 - Level 2.4 Conjurations
 - Level 0.6 Summonings
 * Level 16.2 Translocations
 - Level 9.4 Ice Magic
 - Level 2.5 Earth Magic
 - Level 18.1 Invocations


You had 24 spell levels left.
You knew the following spells:

 Your Spells              Type           Power      Damage    Failure   Level
a - Magic Dart            Conj           36%        1d4       7%          1
b - Apportation           Tloc           64%        N/A       0%          1
c - Lesser Beckoning      Tloc           64%        N/A       1%          2
d - Passwall              Tmut/Erth      5%         N/A       17%         2
e - Manifold Assault      Tloc           32%        N/A       1%          4
f - Dispersal             Tloc           16%        N/A       3%          6
g - Iron Shot             Conj/Erth      4%         9d2       100%        6
h - Frozen Ramparts       Ice            40%        1d7       1%          3

Your spell library contained the following spells:

 Spells                   Type           Power      Damage    Failure   Level
 Freeze                   Ice            80%        1d9       1%          1
 Blink                    Tloc           64%        N/A       1%          2
 Momentum Strike          Conj/Tloc      40%        3d9       1%          2
 Gell's Gravitas          Tloc           32%        N/A       1%          3
 Ozocubu's Armour         Ice            20%        N/A       1%          3
 Teleport Other           Tloc           32%        N/A       1%          3
 Vhi's Electric Charge    Tloc/Air       36%        N/A       1%          3
 Volatile Blastmotes      Fire/Tloc      36%        2d13      1%          3
 Passage of Golubria      Tloc           32%        N/A       1%          4
 Ensorcelled Hibernation  Hex/Ice        24%        N/A       3%          2
 Iskenderun's Mystic Bla  Conj/Tloc      20%        2d6       3%          4
 Hailstorm                Conj/Ice       15%        3d5       4%          3
 Sandblast                Erth           18%        2d7       7%          1
 Searing Ray              Conj           18%        2d5       11%         2
 Foxfire                  Conj/Fire      28%        2x1d5     12%         1
 Kiss of Death            Conj/Necr      28%        2d7       12%         1
 Shock                    Conj/Air       28%        1d4       12%         1
 Beastly Appendage        Tmut           8%         N/A       19%         1
 Necrotise                Necr           16%        1d4       19%         1
 Slow                     Hex            16%        N/A       19%         1
 Stone Arrow              Conj/Erth      18%        3d8       22%         3
 Ice Form                 Ice/Tmut       12%        N/A       28%         4
 Cigotuvi's Dreadful Rot  Necr/Pois/Air  8%         N/A       30%         2
 Sublimation of Blood     Necr           4%         N/A       30%         2
 Wereblood                Tmut           4%         N/A       30%         2
 Dazzling Flash           Conj/Hex       14%        N/A       34%         3
 Mephitic Cloud           Conj/Pois/Air  6%         N/A       41%         3
 Confusing Touch          Hex            4%         N/A       52%         3
 Ignite Poison            Fire/Tmut/Pois 4%         N/A       52%         3
 Spider Form              Tmut/Pois      4%         N/A       52%         3
 Swiftness                Air            4%         N/A       52%         3
 Vampiric Draining        Necr           4%         2d6       52%         3
 Metabolic Englaciation   Hex/Ice        6%         N/A       63%         5
 Freezing Cloud           Conj/Ice/Air   5%         6-21      73%         5
 Fulminant Prism          Conj/Hex       3%         3d5       77%         4
 Petrify                  Tmut/Erth      7%         N/A       77%         4
 Sticky Flame             Conj/Fire      7%         2d3       77%         4
 Airstrike                Air            2%         2d(1-17)  90%         4
 Anguish                  Hex/Necr       2%         N/A       90%         4
 Cause Fear               Hex            2%         N/A       90%         4
 Dispel Undead            Necr           4%         3d7       90%         4
 Olgreb's Toxic Radiance  Pois           4%         N/A       90%         4
 Iskenderun's Battlesphe  Conj           9%         2d6       91%         5
 Arcjolt                  Conj/Air       3%         1d13      98%         5
 Borgnjor's Vile Clutch   Necr/Erth      3%         N/A       98%         5
 Fireball                 Conj/Fire      3%         3d4       98%         5
 Irradiate                Conj/Tmut      3%         3d12      98%         5
 Ozocubu's Refrigeration  Ice            10%        4d9       98%         7
 Agony                    Necr           4%         N/A       99%         5
 Alistair's Intoxication  Tmut/Pois      2%         N/A       99%         5
 Blade Hands              Tmut           2%         N/A       99%         5
 Silence                  Hex/Air        2%         N/A       99%         5
 Yara's Violent Unravell  Hex/Tmut       2%         3d3       99%         5
 Conjure Ball Lightning   Conj/Air       3%         3x3d6     100%        6
 Eringya's Noxious Bog    Tmut/Pois      2%         N/A       100%        6
 Plasma Beam              Fire/Air       2%         2x1d13    100%        6
 Starburst                Conj/Fire      3%         6d3       100%        6
 Statue Form              Tmut/Erth      4%         N/A       100%        6
 Dragon Form              Tmut           2%         N/A       100%        7
 Enfeeble                 Hex            2%         N/A       100%        7
 Orb of Destruction       Conj           4%         9d5       100%        7
 Storm Form               Tmut/Air       2%         N/A       100%        7
 Borgnjor's Revivificati  Necr           2%         N/A       100%        8
 Discord                  Hex            2%         N/A       100%        8
 Ignition                 Fire           2%         3d3       100%        8
 Lehudib's Crystal Spear  Conj/Erth      4%         10d3      100%        8
 Necromutation            Tmut/Necr      2%         N/A       100%        8
 Chain Lightning          Conj/Air       3%         3d4       100%        9
 Fire Storm               Conj/Fire      3%         8d1       100%        9
 Shatter                  Erth           4%         3d8*      100%        9
 Summon Small Mammal      Summ           Unusable   N/A       N/A         1
 Summon Forest            Summ/Tloc      Unusable   N/A       N/A         5
 Call Imp                 Summ           Unusable   N/A       N/A         2
 Summon Ice Beast         Ice/Summ       Unusable   N/A       N/A         4
 Tukima's Dance           Hex            Unusable   N/A       N/A         3
 Animate Armour           Summ/Erth      Unusable   N/A       N/A         4
 Animate Dead             Necr           Unusable   N/A       N/A         4
 Simulacrum               Ice/Necr       Unusable   N/A       N/A         6
 Death Channel            Necr           Unusable   N/A       N/A         6
 Spellforged Servitor     Conj/Summ      Unusable   N/A       N/A         7
 Summon Hydra             Summ           Unusable   N/A       N/A         7

Dungeon Overview and Level Annotations

Branches:
Dungeon (15/15)            Temple (1/1) D:4            Lair (5/5) D:10
  Swamp (4/4) Lair:3        Snake (4/4) Lair:2        Slime (5/5) Lair:4
    Orc (2/2) D:10            Elf (3/3) Orc:2        Vaults (5/5) D:14
  Crypt (3/3) Vaults:2       Tomb (0/3) Crypt:3      Depths (4/4) D:15
    Zot (5/5) Depths:4    Ossuary (visited)          Bailey (visited)
  IceCv (visited)          WizLab (visited)         Gauntlet (visited)

Altars:
Ashenzari
Cheibriados
Dithmenos
Elyvilon
Fedhas
Gozag
Hepliaklqana
Kikubaaqudgha
Makhleb
Nemelex Xobeh
Okawaru
Qazlal
Ru
Sif Muna
Trog
Uskayaw
Vehumet
Wu Jian
Xom
Yredelemnul
Zin
The Shining One
Jiyva
Lugonu

Shops:
D:1 ?   D:3 :   D:13 *   Orc:2 ([**   Elf:1 *   Snake:1 *([   Vaults:2 *
Vaults:5 !!

Portals:
Hell: Depths:1 Depths:2 Depths:3 Depths:4
Abyss: Depths:1 Depths:3
Pandemonium: Depths:2 Depths:3

Annotations:
Swamp:3 2 transporters, Vuud Poo's ghost, adept TrBe
Zot:4 6 transporters


Innate Abilities, Weirdness & Mutations

You have a pair of horns on your head.
You reflexively headbutt those who attack you in melee.
You have supernaturally acute eyesight. (SInv)
Your magical capacity is low. (-10% MP)
You are weak. (Str -2)
Your spells are a little easier to cast, but a little less powerful.


Message History

You headbutt the hellwing. You block the hellwing's attack.
You slice the hellwing!!
The hellwing is severely wounded.
You slash the hellwing!
You kill the hellwing!
Okawaru accepts your kill.
(D) Dungeon (T) Temple (L) Lair (S) Swamp (P) Snake Pit (M) Slime Pits (O) Orcish Mines (E) Elven Halls (V) Vaults (C) Crypt (W) Tomb (U) Depths (H) Hell (Z) Zot
Where to? (Enter - D:1, ? - help)
What level of the Dungeon? (default 1, ? - help) Magic restored.
There is a stone staircase leading up here.
You climb upwards.
There is a stone staircase leading down here.
There is a stone staircase leading up here.
You climb upwards.
There is a stone staircase leading down here.
You start to feel less resistant.
Your resistance to elements expires.
A Suthriny and a chaos spawn come into view.
The chaos spawn howls!
Suthriny moves out of view.
There is a stone staircase leading up here.
You climb upwards.
There is a stone staircase leading down here.
Unknown command.
(D) Dungeon (T) Temple (L) Lair (S) Swamp (P) Snake Pit (M) Slime Pits (O) Orcish Mines (E) Elven Halls (V) Vaults (C) Crypt (W) Tomb (U) Depths (H) Hell (Z) Zot
Where to? (Enter - D:1, ? - help)
Okay, then.
There is a stone staircase leading up here.
You climb upwards.
There is a stone staircase leading down here.
Unknown command.
There is a staircase leading out of the dungeon here.
You have escaped!

..............................#
.#.##.#.........##....)....##.##
....#...........##.............##
..#......##[...........##.......#
.........##............##........
.###.............................
..............................###
......##.........>........##..# #
......##........@.........##..###
###.......)...............)......
#.............................#.#
#.#.†....##............##.......#
#.##.....##............##.....###
#.###...........##.........##.#
#...............##.........##.#
#####.#....................##.#
......#...#######....########.#


There were no monsters in sight!

Vanquished Creatures
  the Royal Jelly (Slime:5)
  3 dread liches (Zot:5)
  5 ancient liches
  3 orbs of fire
  2 juggernauts
  A royal mummy (Crypt:3)
  5 Killer Klowns
  Vashnia (Snake:3)
  4 curse toes
  7 caustic shrikes
  11 golden dragons
  Nikola (Snake:3)
  5 bone dragons
  A mutant beast (WizLab)
  3 electric golems
  3 doom hounds
  4 walking crystal tomes
  A shard shrike zombie (Crypt:1)
  4 Tzitzimimeh
  Jorgrun (Orc:2)
  30 tentacled monstrosities
  An Ice Fiend (D:6)
  25 Orb Guardians (Zot:5)
  Grunn (Depths:2)
  2 walking earthen tomes (Depths:3)
  5 liches
  Mlioglotl (Snake:3)
  Asterion (Elf:1)
  A shard shrike skeleton (Crypt:1)
  12 titans
  3 deep elf blademasters
  3 quicksilver dragons
  2 walking frostbound tomes (Depths:3)
  2 deep elf master archers (Elf:3)
  2 Executioners
  12 death cobs
  13 sphinxes
  5 tentacled starspawn
  23 acid blobs
  11 ancient champions
  9 shadow dragons
  The ghost of Ricegish the Blocker, an adept GnFi of Okawaru (Swamp:2)
  Frances (D:12)
  4 revenants
  6 tengu reavers
  3 draconian monks
  Kirke (Snake:4)
  10 storm dragons
  Donald (Orc:2)
  7 azure jellies
  7 nagarajas
  5 fenstrider witches
  2 draconian knights
  9 rockslimes
  14 frost giants
  15 fire giants
  5 iron dragons
  A ghost moth (shapeshifter) (Depths:3)
  5 deep elf sorcerers
  2 draconian scorchers
  Aizul (Elf:1)
  9 vault wardens
  A curse skull (Crypt:2)
  4 ghost moths
  3 draconian shifters
  The ghost of Googheacs the Blocker, a journeyman HuEE of Vehumet (Swamp:1)
  2 draconian stormcallers
  4 orc warlords
  4 spriggan defenders
  3 deep elf elementalists (Elf:3)
  11 ghouls
  17 ironbound preservers
  Louise (Elf:2)
  A balrug (Zot:3)
  5 quicksilver oozes
  7 draconian annihilators
  6 reapers
  33 very ugly things
  A broodmother (shapeshifter) (Depths:3)
  19 stone giants
  A broodmother (Zig:5)
  2 ironbound thunderhulks
  4 green draconians
  10 vampire knights
  4 deep elf demonologists
  2 eleionomae
  2 putrid mouths (Depths:1)
  The ghost of Madon the Spry, a journeyman FeSu of Gozag (Snake:4)
  6 black draconians
  8 purple draconians
  7 bunyips
  9 spark wasps
  26 dire elephants
  7 red draconians
  4 yellow draconians
  A minotaur (Gauntlet)
  6 white draconians
  5 deep elf annihilators
  7 eidola
  A green death (Zig:6)
  12 deep elf death magi
  2 mummy priests (Crypt:3)
  17 ettins
  A crystal guardian (Vaults:3)
  A merfolk javelineer (Zig:4)
  5 deep elf high priests
  8 fire dragons
  8 jiangshi
  3 shambling mangroves
  9 great orbs of eyes
  An entropy weaver (shapeshifter) (WizLab)
  21 yaktaur captains
  A spriggan zombie (Crypt:3)
  5 entropy weavers
  5 ghost crabs
  2 peacekeepers
  13 ice dragons
  7 salamander tyrants
  6 ogre magi
  A quicksilver dragon skeleton (Crypt:2)
  4 death knights
  7 spriggan air magi
  33 vault guards
  10 centaur warriors
  4 two-headed ogres
  12 alligators
  A hell beast (Depths:1)
  9 ironbound frosthearts
  17 hydras
  12 anacondas
  25 dancing weapons
  21 naga warriors
  7 deep troll shamans
  2 death yaks (Lair:5)
  3 vampire magi
  6 boulder beetles
  Urug (D:13)
  14 deep troll earth magi
  5 hell hogs (Abyss:3)
  A quicksilver ooze zombie (Crypt:2)
  6 spriggan berserkers
  6 tengu warriors
  6 thrashing horrors
  4 orc high priests
  23 large abominations
  A bennu skeleton (Crypt:3)
  5 hell knights
  12 deep elf knights
  4 soul eaters
  5 sun demons
  4 wretched stars
  19 naga sharpshooters
  4 shock serpents
  A shock serpent (shapeshifter) (Vaults:5)
  A skyshark (Lair:3)
  10 iron trolls
  7 shadow wraiths
  4 sixfirhies
  A titan skeleton (Crypt:1)
  5 salamander mystics
  28 skeletal warriors
  The ghost of FishyPogo the Ducker, a novice GnGl of Zin (D:6)
  11 sea snakes (Snake:3)
  Lodul (D:12)
  2 spatial maelstroms
  49 deep trolls
  2 goliath frogs
  2 fire crabs (shapeshifter) (WizLab)
  5 spriggan druids
  A spectral anaconda (Lair:5)
  A death drake (Abyss:2)
  A deep troll (shapeshifter) (Vaults:5)
  2 orb spiders (Zig:5)
  9 bog bodies
  An obsidian statue (Lair:5)
  6 glowing orange brains
  10 wizards
  14 flayed ghosts
  Pikel (D:4)
  5 naga ritualists
  17 deep elf pyromancers
  24 ironbound convokers
  11 phantasmal warriors
  12 swamp dragons
  An iron dragon zombie (Crypt:3)
  3 lindwurms
  12 starcursed masses
  17 deep elf zephyrmancers
  5 deep elf archers
  A wolf spider (Zig:5)
  8 orc knights
  2 salamanders (shapeshifter)
  9 necromancers
  12 mana vipers
  A wolf spider (shapeshifter) (Vaults:5)
  A broodmother zombie (Crypt:3)
  2 manticores
  37 ugly things
  A wolf spider zombie (D:15)
  15 orc sorcerers
  A stone giant zombie (Vaults:5)
  2 cyclopes (D:14)
  A manticore (shapeshifter) (Depths:3)
  5 shining eyes
  22 salamanders
  3 centaur zombies (D:15)
  8 will-o-the-wisps
  2 worldbinders
  A goliath frog zombie (Crypt:1)
  An elephant (shapeshifter) (Abyss:2)
  9 elephants (Lair:5)
  24 moths of wrath
  A titan simulacrum (Vaults:5)
  A rust devil (Depths:2)
  A smoke demon (Abyss:2)
  An ice statue (IceCv)
  A water nymph (Zig:4)
  30 black mambas
  A stone giant skeleton (Vaults:5)
  5 apocalypse crabs
  3 guardian serpents
  19 vault sentinels
  A demonic crawler (Abyss:2)
  3 orange demons (Swamp:4)
  An eye of devastation (Slime:5)
  17 naga magi
  2 centaur skeletons
  2 cane toads (shapeshifter)
  10 cane toads
  4 gargoyles
  2 torpor snails
  A hellion (Depths:2)
  2 rime drakes (shapeshifter) (WizLab)
  5 kobold demonologists
  4 unseen horrors
  An efreet (Zot:5)
  An unseen horror zombie (D:6)
  7 komodo dragons
  2 yaktaurs (shapeshifter)
  6 rime drakes
  14 ice devils
  18 yaktaurs
  An orb spider zombie (Crypt:3)
  5 tormentors (Depths:1)
  3 anaconda simulacra (IceCv)
  8 freezing wraiths
  6 tengu conjurers
  2 ancient zymes (Abyss:2)
  2 polar bears
  A harpy zombie (Crypt:3)
  11 trolls
  2 guardian mummies (Crypt:3)
  7 hellwings
  2 queen bees (shapeshifter) (WizLab)
  2 merfolk (Zig:4)
  2 hornets (shapeshifter) (WizLab)
  A wind drake (shapeshifter) (D:12)
  10 tyrant leeches
  A polar bear (shapeshifter) (WizLab)
  6 blink frogs
  A wind drake (Zig:4)
  11 hornets
  A tarantella (Vaults:4)
  A blink frog (shapeshifter) (WizLab)
  2 spectral elephants (Lair:5)
  Grinder (D:3)
  A raiju (shapeshifter) (WizLab)
  Prince Ribbit (Bailey)
  A tarantella zombie (Crypt:3)
  A snapping turtle (Zig:4)
  4 dream sheep (Lair:5)
  A tarantella (shapeshifter) (WizLab)
  3 raiju (Abyss:2)
  A guardian serpent zombie (Crypt:1)
  67 slime creatures
  A jumping spider (shapeshifter) (WizLab)
  A culicivora (Zig:5)
  2 centaur simulacra (Gauntlet)
  A slime creature (shapeshifter) (WizLab)
  A culicivora (shapeshifter) (WizLab)
  A jumping spider (Vaults:4)
  2 air elementals
  An elf zombie (Vaults:5)
  9 spriggans
  4 wyverns
  7 wraiths
  An ettin skeleton (Vaults:5)
  An ushabti (Crypt:3)
  A basilisk (shapeshifter) (WizLab)
  A ynoxinul (Abyss:3)
  2 fire elementals
  A slime creature zombie (Crypt:2)
  2 yaks (shapeshifter) (Vaults:5)
  A spriggan (shapeshifter) (WizLab)
  2 vampires
  4 humans (Bailey)
  5 basilisks
  A human (shapeshifter) (WizLab)
  37 yaks
  2 water elementals
  3 hogs (Snake:4)
  2 redbacks
  10 golden eyes
  A golden eye (shapeshifter) (WizLab)
  2 steam dragons
  2 hogs (shapeshifter) (WizLab)
  6 death yak simulacra
  6 vampire mosquitoes (D:13)
  9 chaos spawn
  5 neqoxecs
  An iron golem (WizLab)
  2 human simulacra (Vaults:5)
  2 spectral cane toads (Lair:5)
  A naga (shapeshifter) (Abyss:3)
  70 nagas
  5 spatial vortices (Abyss:2)
  13 swamp worms
  2 harpy simulacra (IceCv)
  7 wargs
  3 hydra simulacra
  16 water moccasins
  An acid dragon (D:9)
  4 swamp drakes
  A floating eye (shapeshifter) (WizLab)
  Duvessa (D:7)
  7 floating eyes
  3 meliai simulacra (Gauntlet)
  46 orc warriors
  4 black bears
  8 small abominations
  5 ice beasts
  A boggart (Vaults:4)
  3 elephant zombies (Lair:5)
  8 wolves
  21 ogres
  8 centaurs
  5 phantoms
  22 bullfrogs
  A vine stalker zombie (Crypt:1)
  9 kobold brigands
  4 scorpions
  8 necrophages
  7 earth elementals
  7 cane toad simulacra
  A wyvern skeleton (D:6)
  Dowan (D:7)
  4 elephant simulacra
  A yak zombie (Crypt:3)
  2 shapeshifter skeletons
  9 killer bees
  A troll skeleton (Crypt:1)
  5 electric eels
  A quasit (Abyss:2)
  An iron imp (Abyss:3)
  27 orc priests
  A wyvern simulacrum (Gauntlet)
  4 jellies
  A human zombie (Crypt:3)
  2 gnoll boudas
  4 hounds
  4 iguanas
  A sleepcap (D:5)
  A basilisk skeleton (Crypt:1)
  38 orc wizards
  4 polar bear simulacra (IceCv)
  A spriggan simulacrum (IceCv)
  4 wolf simulacra (IceCv)
  A troll simulacrum (IceCv)
  A naga zombie (Crypt:3)
  A boggart simulacrum (Gauntlet)
  A hound zombie (Crypt:2)
  8 mummies (Ossuary)
  8 adders
  12 gnolls
  A swamp drake skeleton (Crypt:3)
  3 shadow imps
  6 white imps
  A howler monkey simulacrum (D:6)
  4 ufetubi
  A lava snake zombie (Crypt:2)
  5 worms
  3 dart slugs
  91 orcs
  5 endoplasms
  A giant cockroach (D:1)
  12 goblins
  13 hobgoblins
  4 jackals
  36 kobolds
  2 quokkas (D:3)
  7 ball pythons
  6 bats
  4 frilled lizards
  A gnoll skeleton (Crypt:2)
  A gnoll zombie (Ossuary)
  2 hobgoblin zombies (Ossuary)
  A kobold zombie (Ossuary)
  4 orc zombies (Ossuary)
  A quokka zombie (D:6)
  4 rats
  A rat zombie (D:6)
  A river rat skeleton (Crypt:3)
  6 starspawn tentacles
2602 creatures vanquished.

Vanquished Creatures (others)
  A kraken (Abyss:4)
  A nagaraja (Zig:9)
  A fenstrider witch (Zig:8)
  An orc high priest (Zig:7)
  A wizard (D:5)
  2 bloated husks
  A tyrant leech (Zig:8)
  A gnoll bouda (Zig:7)
  A hound (D:5)
  2 orc wizards (D:7)
  39 foxfires
  15 starspawn tentacles
  4 tentacles (Abyss:4)
70 creatures vanquished.

Grand Total: 2672 creatures vanquished

Notes
Turn   | Place    | Note
-------+----------+-------------------------------------------
     0 | D:1      | Amplified the Minotaur Hedge Wizard began the quest for the
                  | Orb.
     0 | D:1      | Reached XP level 1. HP: 14/14 MP: 2/2
   118 | D:1      | Reached skill level 1 in Fighting
   118 | D:1      | Reached skill level 1 in Armour
   282 | D:1      | Reached XP level 2. HP: 23/23 MP: 0/4
   667 | D:1      | Reached skill level 1 in Maces & Flails
   677 | D:1      | Found Jotrex's Magic Scroll Boutique.
   925 | D:2      | Reached XP level 3. HP: 15/29 MP: 5/5
  1373 | D:2      | Reached XP level 4. HP: 37/37 MP: 6/6
  1927 | D:3      | Found an ornate altar of the Wu Jian Council.
  2101 | D:3      | Found Vatyrueh's Book Shop.
  2238 | D:3      | Found the +7 Throatcutter {drain, coup de grace}
  2238 | D:3      | Noticed a kobold brigand
  2254 | D:3      | Killed a kobold brigand
  2255 | D:3      | Reached skill level 1 in Short Blades
  2255 | D:3      | Reached skill level 1 in Shields
  2255 | D:3      | Reached XP level 5. HP: 40/45 MP: 7/7
  2327 | D:3      | Found a faded altar of an unknown god.
  2330 | D:3      | Found a snail-covered altar of Cheibriados.
  2354 | D:3      | Noticed Grinder
  2354 | D:3      | Paralysed by Grinder for 4 turns
  2375 | D:3      | Killed Grinder
  2376 | D:3      | Reached XP level 6. HP: 52/52 MP: 8/8
  2560 | D:4      | Noticed Pikel
  2573 | D:4      | Identified the +1 long sword of Juxzuth {freeze, rPois rF+
                  | rC++ Dex-5}
  2584 | D:4      | Killed Pikel
  2585 | D:4      | Reached skill level 5 in Fighting
  2585 | D:4      | Reached XP level 7. HP: 44/61 MP: 9/9
  2810 | D:4      | Found a staircase to the Ecumenical Temple.
  2841 | Temple   | Entered the Ecumenical Temple
  3026 | Temple   | Became a worshipper of Warmaster Okawaru
  3165 | D:4      | Reached XP level 8. HP: 62/69 MP: 10/10
  3209 | D:4      | Found a shimmering blue altar of Sif Muna.
  3324 | D:4      | Found a hide-covered altar of Uskayaw.
  3345 | D:5      | Entered Level 5 of the Dungeon
  3357 | D:5      | Reached skill level 1 in Invocations
  3369 | D:5      | Reached * piety under Okawaru
  3393 | D:5      | Reached skill level 5 in Shields
  3518 | D:5      | Reached skill level 1 in Long Blades
  3540 | D:5      | Reached ** piety under Okawaru
  3541 | D:5      | Reached skill level 5 in Armour
  3548 | D:5      | Reached XP level 9. HP: 33/78 MP: 11/11
  3700 | D:5      | Found a bloodstained altar of Trog.
  3702 | D:5      | Noticed a wizard
  3707 | D:5      | Killed a wizard
  4094 | D:5      | Reached *** piety under Okawaru
  4304 | D:6      | Found a sand-covered staircase.
  4325 | Ossuary  | Entered an ossuary
  4348 | Ossuary  | Received a gift from Okawaru
  4653 | D:6      | Reached skill level 5 in Stealth
  4734 | D:6      | Found a runed translucent gate.
  4734 | D:6      | Found a runed translucent gate.
  4734 | D:6      | Found a runed translucent gate.
  4972 | D:6      | Reached skill level 5 in Long Blades
  5131 | D:6      | Reached XP level 10. HP: 88/88 MP: 12/12
  5247 | D:6      | Noticed FishyPogo's ghost (novice GnGl)
  5346 | D:7      | Noticed Duvessa
  5351 | D:7      | Noticed Dowan
  5365 | D:7      | Killed Duvessa
  5369 | D:7      | Killed Dowan
  5410 | D:7      | Found a sparkling altar of Nemelex Xobeh.
  5452 | D:7      | Noticed a soul eater
  5461 | D:7      | Noticed a smoke demon
  5804 | D:7      | Found an ancient bone altar of Kikubaaqudgha.
  6030 | D:7      | Noticed a rust devil
  6038 | D:7      | Noticed a sun demon
  6038 | D:7      | Reached **** piety under Okawaru
  6049 | D:7      | Reached skill level 5 in Invocations
  6576 | D:8      | Found a blossoming altar of Fedhas.
  6925 | D:9      | Identified a scroll of acquirement
  6925 | D:9      | Acquired a manual of Long Blades
  7004 | D:9      | Reached skill level 10 in Long Blades
  7012 | D:9      | Reached ***** piety under Okawaru
  7050 | D:9      | Received a gift from Okawaru
  7100 | D:9      | Reached XP level 11. HP: 90/95 MP: 14/14
  7167 | D:9      | Found a flagged portal.
  7176 | Bailey   | Entered a bailey
  7301 | Bailey   | Noticed Prince Ribbit
  7302 | Bailey   | Noticed a vault guard
  7315 | Bailey   | Killed a vault guard
  7316 | Bailey   | Killed Prince Ribbit
  7361 | Bailey   | Noticed a vault guard
  7378 | Bailey   | Killed a vault guard
  7379 | Bailey   | Reached skill level 15 in Long Blades
  7544 | D:9      | Identified the +1 robe "Echighet" {rC+ Will- rCorr}
  7643 | D:10     | Entered Level 10 of the Dungeon
  7766 | D:10     | Noticed a two-headed ogre
  7771 | D:10     | Killed a two-headed ogre
  8100 | D:10     | Found a staircase to the Orcish Mines.
  8486 | D:10     | Found a staircase to the Lair.
  9675 | D:12     | Received a gift from Okawaru
  9792 | D:12     | Noticed Frances
  9808 | D:12     | Killed Frances
  9809 | D:12     | Reached XP level 12. HP: 89/105 MP: 8/15
  9872 | D:12     | Noticed Lodul
  9886 | D:12     | Killed Lodul
 10160 | D:12     | Identified the +0 chain mail of Hysteria {rF+ Int+2}
 10768 | D:12     | Noticed a boulder beetle
 10793 | D:12     | Killed a boulder beetle
 10794 | D:12     | Reached skill level 10 in Fighting
 10794 | D:12     | Reached skill level 5 in Dodging
 10933 | D:10     | Reached XP level 13. HP: 113/113 MP: 17/17
 11019 | Lair:1   | Entered Level 1 of the Lair of Beasts
 11767 | Lair:2   | Found a staircase to the Snake Pit.
 11829 | Lair:2   | Identified the +3 short sword of Waix {flame, *Slow +Blink
                  | rF+ Str+2}
 13333 | Lair:3   | Found a staircase to the Swamp.
 13567 | Lair:4   | Reached skill level 15 in Shields
 13704 | Lair:4   | Identified the +8 glaive of Okawaru's Reproof {flame, rPois
                  | Int-2 SInv Stlth+} (Okawaru gifted it to you on level 4 of
                  | the Lair of Beasts)
 13704 | Lair:4   | Received a gift from Okawaru
 13853 | Lair:4   | Found a viscous altar of Jiyva.
 13854 | Lair:4   | Found a staircase to the Slime Pits.
 14063 | Lair:5   | Entered Level 5 of the Lair of Beasts
 14139 | Lair:5   | Reached XP level 14. HP: 122/122 MP: 14/18
 14172 | Lair:5   | Found a gate leading to a gauntlet.
 14237 | Gauntlet | Entered a Gauntlet
 14237 | Gauntlet | Found a transporter.
 14304 | Gauntlet | Found a transporter.
 14306 | Gauntlet | Found a transporter.
 14316 | Gauntlet | Found a transporter.
 14319 | Gauntlet | Found a transporter.
 14328 | Gauntlet | Found a transporter.
 14345 | Gauntlet | Found a transporter.
 14357 | Gauntlet | Found a transporter.
 14370 | Gauntlet | Found a transporter.
 14386 | Gauntlet | Found a transporter.
 14396 | Gauntlet | Found a runed translucent gate.
 14397 | Gauntlet | Found a transporter.
 14397 | Gauntlet | Found a runed translucent gate.
 14397 | Gauntlet | Found a transporter.
 14398 | Gauntlet | Found a runed translucent gate.
 14440 | Gauntlet | Found a transporter.
 14454 | Gauntlet | Found a transporter.
 14621 | Gauntlet | Received a gift from Okawaru
 14630 | Gauntlet | Identified the +2 pair of gloves of Living Contentment
                  | {Int+4}
 17164 | Lair:4   | Identified the +0 leather armour of Xumug {+Inv rC++ Dex-4
                  | Stlth+}
 17623 | D:6      | Killed FishyPogo's ghost
 17692 | Orc:1    | Entered Level 1 of the Orcish Mines
 17718 | Orc:1    | Found a frozen archway.
 17843 | IceCv    | Entered an ice cave
 18217 | IceCv    | Found an ancient bone altar of Kikubaaqudgha.
 18296 | IceCv    | Identified the ring "Aqareyr" {Fly rN+ Int+6 Dex-2}
 18434 | IceCv    | Reached XP level 15. HP: 115/127 MP: 12/19
 19597 | Orc:1    | Found the +3 warlock's mirror {omnireflect}
 19598 | Orc:1    | Identified the +2 scale mail of Servitude {rC- Str+3 Int+3}
 19648 | Orc:1    | Identified the +0 mace of the Toothy God {flame, rC++
                  | Int-4}
 19669 | Orc:1    | Identified the staff of cold "Teasempo" {rElec rC+ Str+2}
 20031 | Orc:2    | Entered Level 2 of the Orcish Mines
 20082 | Orc:2    | Noticed Donald
 20098 | Orc:2    | Killed Donald
 20231 | Orc:2    | Noticed Jorgrun
 20247 | Orc:2    | Killed Jorgrun
 20684 | Orc:2    | Found a staircase to the Elven Halls.
 20902 | Orc:2    | Found Aptidwil's Assorted Antiques.
 20902 | Orc:2    | Found Plog's Antique Armour Shop.
 20904 | Orc:2    | Found Liad's Weapon Shop.
 20912 | Orc:2    | Found Miomoni's Assorted Antiques.
 20967 | Orc:2    | Bought a scroll of teleportation for 93 gold pieces
 20967 | Orc:2    | Bought a potion of might for 124 gold pieces
 20967 | Orc:2    | Bought a scroll of teleportation for 93 gold pieces
 20968 | Orc:2    | Bought a scroll of teleportation for 66 gold pieces
 20970 | Orc:2    | Bought a pair of heavily runed gloves for 323 gold pieces
 20970 | Orc:2    | Identified the +0 pair of gloves "Korghom" {Drain Str+4}
                  | (You bought it in a shop on level 2 of the Orcish Mines)
 20970 | Orc:2    | Bought a faintly glowing robe for 193 gold pieces
 20970 | Orc:2    | Identified the +0 robe of Vehumet's Wrath {Harm Regen+
                  | Slay-5 Archmagi} (You bought it in a shop on level 2 of the
                  | Orcish Mines)
 21360 | D:13     | Noticed Urug
 21381 | D:13     | Killed Urug
 21718 | D:13     | Acquired a manual of Invocations
 21726 | D:13     | Found Sestre's General Store.
 21988 | D:13     | Bought a scroll of teleportation for 39 gold pieces
 21988 | D:13     | Bought a potion of heal wounds for 65 gold pieces
 22065 | D:15     | Entered Level 15 of the Dungeon
 22805 | D:15     | Found a staircase to the Depths.
 23124 | D:15     | Reached XP level 16. HP: 88/135 MP: 20/20
 23567 | D:15     | Found the +3 salamander hide armour {Flames, rFlCloud rF++
                  | rC--}
 23743 | D:14     | Received a gift from Okawaru
 23877 | D:14     | Found a gate to the Vaults.
 24478 | D:13     | Acquired the +10 tower shield of Ignorance {rN+ Int-4}
 24478 | D:13     | Found the +10 tower shield of Ignorance {rN+ Int-4}
 24491 | D:13     | Acquired 799 gold pieces
 24677 | Swamp:1  | Entered Level 1 of the Swamp
 24787 | Snake:1  | Entered Level 1 of the Snake Pit
 24897 | Snake:1  | Found Sofiludug's Assorted Antiques.
 25693 | Snake:1  | Found Idijo's Weapon Emporium.
 25775 | Snake:1  | Found Nijoit's Armour Shoppe.
 27539 | Snake:2  | Reached skill level 10 in Armour
 28240 | Snake:3  | Reached XP level 17. HP: 97/146 MP: 18/23
 28350 | Snake:3  | Found a flickering gateway to a bazaar.
 28438 | Bazaar   | Entered a bazaar
 28438 | Bazaar   | Found Diorchac's Armour Shoppe.
 28515 | Bazaar   | Found Mycug's Antique Weapon Emporium.
 28522 | Bazaar   | Found Xulakk's Distillery.
 28530 | Bazaar   | Bought a potion of experience for 550 gold pieces
 28544 | Bazaar   | Found Dukhe's Antique Armour Emporium.
 28552 | Bazaar   | Bought a distressingly furry chain mail for 304 gold pieces
 28552 | Bazaar   | Identified the +6 chain mail of the Catfish {Dex+2} (You
                  | bought it in a shop in a bazaar)
 28552 | Bazaar   | Bought a glowing kite shield for 240 gold pieces
 28570 | Bazaar   | Bought a potion of ambrosia for 88 gold pieces
 28570 | Bazaar   | Bought a potion of curing for 33 gold pieces
 28570 | Bazaar   | Bought a potion of curing for 33 gold pieces
 28570 | Bazaar   | Bought a potion of heal wounds for 55 gold pieces
 28570 | Bazaar   | Bought a potion of heal wounds for 55 gold pieces
 28570 | Bazaar   | Bought a potion of haste for 110 gold pieces
 28570 | Bazaar   | Bought a potion of haste for 110 gold pieces
 28570 | Bazaar   | Bought 2 potions of heal wounds for 110 gold pieces
 28587 | Bazaar   | Bought a pair of embroidered gloves for 240 gold pieces
 28613 | Snake:3  | Noticed Vashnia
 28631 | Snake:3  | Reached skill level 10 in Invocations
 28631 | Snake:3  | Reached XP level 18. HP: 156/157 MP: 19/24
 28704 | Snake:3  | Killed Vashnia
 28832 | Snake:3  | Identified the +1 pair of gloves "Ysuv" {rF+ Int+4}
 28832 | Snake:3  | Noticed Nikola
 28840 | Snake:3  | Noticed Mlioglotl
 28926 | Snake:4  | Entered Level 4 of the Snake Pit
 29167 | Snake:4  | Found a runed translucent door.
 29167 | Snake:4  | Noticed Madon's ghost (journeyman FeSu)
 30072 | Snake:4  | Noticed Kirke
 30290 | Snake:4  | Killed Madon's ghost
 30687 | Snake:4  | Reached skill level 10 in Dodging
 31055 | Snake:3  | Killed Nikola
 31208 | Snake:3  | Killed Mlioglotl
 33014 | Snake:4  | Got a serpentine rune of Zot
 33259 | Snake:4  | Killed Kirke
 33798 | Swamp:1  | Found a runed translucent door.
 33798 | Swamp:1  | Noticed Googheacs's ghost (journeyman HuEE)
 34113 | Swamp:1  | Reached XP level 19. HP: 96/168 MP: 27/27
 34394 | Swamp:1  | Killed Googheacs's ghost
 34486 | Swamp:2  | You fall into a shaft and drop 1 floor!
 34815 | Swamp:3  | Found a transporter.
 34827 | Swamp:3  | Noticed Vuud Poo's ghost (adept TrBe)
 34915 | Swamp:3  | Found a transporter.
 35650 | Swamp:4  | Entered Level 4 of the Swamp
 35827 | Swamp:4  | Received a gift from Okawaru
 35849 | Swamp:4  | Gained mutation: You sometimes lose your temper in combat.
                  | [a neqoxec]
 35914 | Swamp:4  | Lost mutation: You sometimes lose your temper in combat.
                  | [potion of mutation]
 35914 | Swamp:4  | Gained mutation: You are clumsy. (Dex -2) [potion of
                  | mutation]
 35914 | Swamp:4  | Gained mutation: You are somewhat resistant to further
                  | mutation. [potion of mutation]
 36043 | Swamp:4  | Lost mutation: You are somewhat resistant to further
                  | mutation. [potion of mutation]
 36043 | Swamp:4  | Lost mutation: You are clumsy. (Dex -2) [potion of
                  | mutation]
 36043 | Swamp:4  | Gained mutation: You have a somewhat thin skeletal
                  | structure. (Dex +2, Stealth+) [potion of mutation]
 36351 | Swamp:4  | Got a decaying rune of Zot
 36477 | Swamp:4  | Received a gift from Okawaru
 36526 | Swamp:4  | Reached skill level 15 in Fighting
 36685 | Swamp:4  | Paralysed by a fenstrider witch for 2 turns
 36698 | Swamp:4  | Reached skill level 15 in Armour
 37888 | Swamp:2  | Found a runed translucent door.
 37888 | Swamp:2  | Noticed Ricegish's ghost (adept GnFi)
 38648 | Swamp:2  | Killed Ricegish's ghost
 38892 | Vaults:1 | Entered Level 1 of the Vaults
 39301 | Vaults:1 | Reached skill level 15 in Invocations
 39676 | Abyss:2  | Cast into level 2 of the Abyss (a wizard)
 39737 | Abyss:2  | Received a gift from Okawaru
 39858 | Abyss:2  | Reached XP level 20. HP: 123/143 MP: 19/24
 39909 | Abyss:2  | Noticed a bone dragon
 40280 | Vaults:1 | Escaped the Abyss
 41349 | Vaults:1 | Found a radiant altar of Vehumet.
 41350 | Vaults:1 | Found the +0 mask of the Dragon {Will+ Slay+3 SInv}
 41386 | Vaults:1 | Identified the +2 robe of Curiosity {rF+}
 41439 | Vaults:1 | Identified the +2 hat of the Stonemason {-Tele Will+ Int+2}
 41921 | Vaults:2 | Found a magical portal.
 41931 | WizLab   | Entered Cigotuvi's Fleshworks
 42063 | WizLab   | Gained mutation: Your magical capacity is low. (-10% MP)
                  | [mutagenic glow]
 42142 | WizLab   | Got Cigotuvi's Lessons on Unholy Variation
 42145 | WizLab   | Got Saty's Folio of Changes
 42581 | WizLab   | Paralysed by a floating eye for 4 turns
 42588 | WizLab   | Paralysed by a floating eye for 2 turns
 42596 | WizLab   | Paralysed by a floating eye for 3 turns
 42603 | WizLab   | Paralysed by a floating eye for 2 turns
 42630 | WizLab   | Paralysed by a floating eye for 4 turns
 42774 | WizLab   | Identified the amulet "Birrodem" {Acrobat rN+ MP+9 Str+3}
 43265 | Vaults:2 | Noticed a bone dragon
 43267 | Vaults:2 | Found a staircase to the Crypt.
 43282 | Vaults:2 | Killed a bone dragon
 43809 | Vaults:2 | Found Kapiphill's General Store.
 43816 | Vaults:2 | Bought a potion of heal wounds for 80 gold pieces
 43816 | Vaults:2 | Bought a potion of might for 64 gold pieces
 43816 | Vaults:2 | Bought a potion of might for 64 gold pieces
 44555 | Vaults:3 | Identified the +7 chain mail of Boalaep {rF+ Str+4 Dex+3
                  | Stlth-}
 44968 | Vaults:3 | Reached skill level 1 in Translocations
 45306 | Vaults:4 | Reached XP level 21. HP: 191/191 MP: 28/28
 45707 | Vaults:4 | Received a gift from Okawaru
 46197 | Vaults:4 | Received a gift from Okawaru
 46337 | Vaults:4 | Reached skill level 5 in Translocations
 46535 | Vaults:4 | Noticed a golden dragon
 46555 | Vaults:4 | Killed a golden dragon
 46866 | Crypt:1  | Entered Level 1 of the Crypt
 47120 | Crypt:3  | Entered Level 3 of the Crypt
 47176 | Crypt:3  | Received a gift from Okawaru
 47976 | Crypt:3  | Found a staircase to the Tomb.
 48386 | Crypt:2  | Learned a level 1 spell: Apportation
 48492 | Crypt:2  | Reached XP level 22. HP: 199/204 MP: 30/30
 48561 | Crypt:2  | Identified the +10 quick blade "Ibaquupp" {heavy, Str-5
                  | Int+6} (Okawaru gifted it to you on level 2 of the Crypt)
 48561 | Crypt:2  | Received a gift from Okawaru
 49165 | Crypt:3  | Identified the ring of Xom's Full Attention {rF+ rN+}
 49186 | Crypt:3  | Noticed a royal mummy
 49203 | Crypt:3  | Found a basalt altar of Yredelemnul.
 49206 | Crypt:3  | Found an ancient bone altar of Kikubaaqudgha.
 49220 | Crypt:3  | Got the Lectures on Viridian Oromancy
 49222 | Crypt:3  | Got Liamofen's Quarto of the Damned
 49255 | Crypt:3  | Identified the ring "Acaibiah" {+Blink Fly rN+ Int+4 Dex-3}
 49440 | Crypt:3  | Noticed a curse toe
 49458 | Crypt:3  | Killed a curse toe
 50112 | Crypt:3  | Killed a royal mummy
 51657 | Elf:1    | Entered Level 1 of the Elven Halls
 51836 | Elf:1    | Found Diowexec's General Store.
 51844 | Elf:1    | Bought a potion of might for 80 gold pieces
 51930 | Elf:1    | Found a shimmering blue altar of Sif Muna.
 51988 | Elf:1    | Noticed Aizul
 51989 | Elf:1    | Noticed Asterion
 52004 | Elf:1    | Killed Asterion
 52008 | Elf:1    | Killed Aizul
 53042 | Elf:2    | Noticed Louise
 53052 | Elf:2    | Killed Louise
 53147 | Elf:2    | Found a runed translucent gate.
 53147 | Elf:2    | Found a runed translucent gate.
 53148 | Elf:2    | Found a runed translucent gate.
 53341 | Elf:3    | Entered Level 3 of the Elven Halls
 53405 | Elf:3    | Reached skill level 5 in Spellcasting
 53829 | Elf:3    | Reached skill level 10 in Translocations
 53869 | Elf:3    | Identified the +4 hand axe of Calculation {heavy, Contam
                  | rElec rF+++ Dex-2}
 53869 | Elf:3    | Identified the ring of Doank {rPois rN+ rCorr Slay+3}
 53939 | Elf:3    | Received a gift from Okawaru
 54084 | Elf:3    | Identified the staff of death "Axiesoenn" {rN+ Str+6}
 54114 | Elf:3    | Identified the +0 dagger of the Ecumenical Temple {heavy,
                  | *Rage rElec rF++ rN+}
 54116 | Elf:3    | Identified the ring of Falyufoh {rPois Str+6 Dex+2}
 54135 | Elf:3    | Identified the +0 chain mail "Netz" {+Inv Regen+ Str-3
                  | Dex+4}
 54465 | Elf:3    | Learned a level 2 spell: Lesser Beckoning
 54604 | Elf:2    | Reached XP level 23. HP: 199/215 MP: 31/31
 55631 | Depths:1 | Entered Level 1 of the Depths
 55862 | Depths:1 | Found a corrupted altar of Lugonu.
 55863 | Depths:1 | Found a one-way gate to the infinite horrors of the Abyss.
 55959 | Depths:1 | Got the Octavo of Companions and Elsewhere
 56111 | Depths:1 | Found a gateway to Hell.
 56380 | Depths:1 | Got the Compendium of the Quarry and Despair
 56942 | Depths:2 | Found a one-way gate leading to the halls of Pandemonium.
 57052 | Depths:2 | Found a one-way gateway to a ziggurat.
 57348 | Depths:2 | Noticed Grunn
 57485 | Depths:1 | Learned a level 2 spell: Passwall
 57973 | Vaults:5 | Entered Level 5 of the Vaults
 58090 | Vaults:5 | Identified the +5 great sword "Lueq" {freeze, Fly rElec
                  | Dex+6 Stlth-}
 58099 | Vaults:5 | Identified the +9 short sword "Hiycied" {antimagic, rF+
                  | Str-3 Stlth+}
 58528 | Vaults:5 | Identified the amulet "Tihan" {RegenMP rC++ Will+}
 58548 | Vaults:5 | Identified the ring of Wuxzaf {rPois Will+ Str+6}
 58873 | Vaults:5 | Reached XP level 24. HP: 208/225 MP: 31/31
 59011 | Vaults:5 | Identified the scarf of Latzein {harm, rF+ Str+3 Int+3}
                  | (Okawaru gifted it to you on level 5 of the Vaults)
 59011 | Vaults:5 | Received a gift from Okawaru
 59288 | Vaults:5 | Found Apompeiw's Distillery.
 59298 | Vaults:5 | Bought a potion of curing for 51 gold pieces
 59298 | Vaults:5 | Bought a potion of curing for 51 gold pieces
 59298 | Vaults:5 | Bought a potion of heal wounds for 85 gold pieces
 59298 | Vaults:5 | Bought a potion of haste for 170 gold pieces
 59298 | Vaults:5 | Bought a potion of curing for 51 gold pieces
 59298 | Vaults:5 | Bought a potion of curing for 51 gold pieces
 59298 | Vaults:5 | Bought a potion of curing for 51 gold pieces
 59298 | Vaults:5 | Bought a potion of might for 68 gold pieces
 59298 | Vaults:5 | Bought a potion of mutation for 136 gold pieces
 59398 | Vaults:5 | Found Yroclig's Distillery.
 59417 | Vaults:5 | Bought a potion of curing for 63 gold pieces
 59417 | Vaults:5 | Bought a potion of curing for 63 gold pieces
 59417 | Vaults:5 | Bought a potion of curing for 63 gold pieces
 59417 | Vaults:5 | Bought a potion of heal wounds for 105 gold pieces
 59417 | Vaults:5 | Bought a potion of resistance for 210 gold pieces
 59417 | Vaults:5 | Bought a potion of berserk rage for 105 gold pieces
 59543 | Vaults:5 | Identified the staff of cold "Vav Huzuwn" {rC+ Str+4}
 59545 | Vaults:5 | Found the +13 scythe of Curses {drain, curses, Drain}
 59566 | Vaults:5 | Acquired a manual of Translocations
 59920 | Vaults:5 | Got a silver rune of Zot
 62112 | Depths:4 | Entered Level 4 of the Depths
 62944 | Depths:2 | Noticed a juggernaut
 62971 | Depths:2 | Killed a juggernaut
 63102 | Depths:2 | Killed Grunn
 63108 | Depths:2 | Reached XP level 25. HP: 180/233 MP: 31/31
 63282 | Depths:2 | Identified the +7 morningstar "Spiderslayer" {spect, rC+
                  | rCorr Str+3}
 63397 | Depths:3 | Noticed a juggernaut
 63433 | Depths:3 | Killed a juggernaut
 63436 | Depths:3 | Reached skill level 15 in Translocations
 63439 | Depths:3 | Identified the +10 trident of Fee Simple {holy, rN+ Dex+3}
 63503 | Depths:3 | Reached skill level 27 in Armour
 66259 | Depths:4 | Found a gate to the Realm of Zot.
 66395 | Depths:4 | Learned a level 4 spell: Manifold Assault
 66402 | Depths:4 | Learned a level 6 spell: Dispersal
 66425 | Zot:1    | Entered Level 1 of the Realm of Zot
 66625 | Depths:3 | Voluntarily entered the Abyss.
 66698 | Abyss:2  | Identified the +3 chain mail "Dakhoum" {Dex+2} (Okawaru
                  | gifted it to you on level 2 of the Abyss)
 66698 | Abyss:2  | Received a gift from Okawaru
 66833 | Abyss:2  | Paralysed by an air elemental for 1 turns
 66846 | Depths:3 | Escaped the Abyss
 66907 | Depths:3 | Voluntarily entered the Abyss.
 66937 | Abyss:2  | Noticed an ancient lich
 67004 | Abyss:3  | Reached skill level 27 in Shields
 67006 | Abyss:3  | Found a corrupted altar of Lugonu.
 67022 | Abyss:3  | Found a corrupted altar of Lugonu.
 67093 | Abyss:3  | Found a corrupted altar of Lugonu.
 67301 | Abyss:3  | Killed an ancient lich
 67320 | Abyss:3  | Found a corrupted altar of Lugonu.
 67359 | Abyss:3  | Reached XP level 26. HP: 209/251 MP: 13/31
 67383 | Abyss:3  | Found a corrupted altar of Lugonu.
 67392 | Abyss:3  | Found a corrupted altar of Lugonu.
 67440 | Depths:3 | Escaped the Abyss
 67487 | Depths:3 | Voluntarily entered the Abyss.
 67487 | Abyss:3  | Found a corrupted altar of Lugonu.
 67611 | Abyss:4  | Got an abyssal rune of Zot
 67800 | Depths:3 | Escaped the Abyss
 68343 | Slime:1  | Entered Level 1 of the Pits of Slime
 68647 | Slime:2  | Gained mutation: Your mind is acute. (Int +4, Str/Dex -1)
                  | [a shining eye]
 68649 | Slime:2  | Gained mutation: You are weak. (Str -2) [a shining eye]
 68675 | Slime:3  | Lost mutation: You are weak. (Str -2) [potion of mutation]
 68675 | Slime:3  | Lost mutation: You have a somewhat thin skeletal structure.
                  | (Dex +2, Stealth+) [potion of mutation]
 68675 | Slime:3  | Gained mutation: Potions are less effective at restoring
                  | your health. [potion of mutation]
 68675 | Slime:3  | Gained mutation: Your flesh is heat resistant. (rF+)
                  | [potion of mutation]
 68676 | Slime:3  | Lost mutation: Your flesh is heat resistant. (rF+) [potion
                  | of mutation]
 68676 | Slime:3  | Lost mutation: Your mind is acute. (Int +4, Str/Dex -1)
                  | [potion of mutation]
 68676 | Slime:3  | Lost mutation: Potions are less effective at restoring your
                  | health. [potion of mutation]
 68676 | Slime:3  | Gained mutation: Your body sometimes deteriorates upon
                  | taking damage. [potion of mutation]
 68677 | Slime:3  | Lost mutation: Your body sometimes deteriorates upon taking
                  | damage. [potion of mutation]
 68677 | Slime:3  | Lost mutation: Your magical capacity is low. (-10% MP)
                  | [potion of mutation]
 68677 | Slime:3  | Gained mutation: You sometimes lose your temper in combat.
                  | [potion of mutation]
 68678 | Slime:3  | Lost mutation: You sometimes lose your temper in combat.
                  | [potion of mutation]
 68678 | Slime:3  | Gained mutation: You have hidden genetic potential. [potion
                  | of mutation]
 68678 | Slime:3  | Gained mutation: Your spells are a little easier to cast,
                  | but a little less powerful. [potion of mutation]
 68678 | Slime:3  | Gained mutation: Your flesh is heat resistant. (rF+)
                  | [potion of mutation]
 68714 | Slime:5  | Entered Level 5 of the Pits of Slime
 68803 | Slime:5  | Noticed the Royal Jelly
 69647 | Slime:3  | Lost mutation: You have hidden genetic potential. [a
                  | shining eye]
 69925 | Slime:5  | Gained mutation: You are frail. (-10% HP) [a shining eye]
 70202 | Slime:5  | Found a viscous altar of Jiyva.
 70242 | Slime:5  | Killed the Royal Jelly
 70331 | Slime:5  | Identified the +1 scimitar "Zeisk" {freeze, +Blink rPois
                  | rN+ MP-9}
 70332 | Slime:5  | Identified the +1 falchion "Giantslayer" {heavy, Fragile
                  | rN+ Str+5 Stlth+}
 70352 | Slime:5  | Identified the +1 flail "Killer Bee's Bane" {flame, rPois
                  | rN+ Will++ Dex+2}
 70353 | Slime:5  | Identified the +6 great sword of Qejeo {heavy, rC+ Str+7}
 70382 | Slime:5  | Got a slimy rune of Zot
 70383 | Slime:5  | Identified the +1 helmet of Soloix {Str+2}
 70406 | Slime:5  | Identified the staff of cold "Jiom Luubo" {rElec rPois rC+
                  | Dex+4}
 70408 | Slime:5  | Identified the +2 long sword "Kifroph" {heavy, Dex+3}
 70415 | Slime:5  | Identified the staff of cold "Xejeck" {rF+ rC+ rN++}
 70417 | Slime:5  | Identified the staff of fire "Qofaq" {rF+ rC+ rCorr MP+9
                  | SInv}
 71366 | Zig:1    | Entered Level 1 of a ziggurat
 71416 | Zig:2    | Entered Level 2 of a ziggurat
 71452 | Zig:3    | Entered Level 3 of a ziggurat
 71456 | Zig:3    | Found the +7 mace of Variability {chaos, chaos arc}
 71494 | Zig:4    | Entered Level 4 of a ziggurat
 71545 | Zig:5    | Entered Level 5 of a ziggurat
 71587 | Zig:5    | Identified the +0 plate armour of the Saviour {Harm rC+}
 71601 | Zig:5    | Identified the +3 dagger "Vysumyor" {antimagic, Fragile
                  | rPois rF++ Str+2}
 71608 | Zig:6    | Entered Level 6 of a ziggurat
 71636 | Zig:6    | Reached skill level 27 in Fighting
 71646 | Zig:6    | Reached skill level 1 in Conjurations
 71664 | Zig:6    | Reached XP level 27. HP: 240/245 MP: 10/35
 71667 | Zig:6    | Identified the +1 spear "Kouxt" {flame, rCorr Int+3}
 71672 | Zig:6    | Got the Excursus on the Dynamic Fjord
 71675 | Zig:7    | Entered Level 7 of a ziggurat
 71689 | Zig:7    | Reached skill level 1 in Earth Magic
 71719 | Zig:7    | Got Sif Muna's Exposition on Akashic Excavation
 71724 | Zig:7    | Identified the +9 scimitar "Rutil" {flame, rF+++ rC++ Str-4
                  | Dex-2}
 71803 | Zig:8    | Entered Level 8 of a ziggurat
 71808 | Zig:8    | Found the +6 Majin-Bo {spellvamp, MP+6 Int+6}
 71908 | Zig:9    | Entered Level 9 of a ziggurat
 71972 | Zig:9    | Identified the +1 plate armour "Wotat" {-Cast Fly rF+
                  | Dex+4} (Okawaru gifted it to you on level 9 of a ziggurat)
 71972 | Zig:9    | Received a gift from Okawaru
 72185 | Zig:9    | Identified the amulet of Incredulity {RegenMP rElec rPois
                  | Stlth-}
 72348 | Zig:10   | Entered Level 10 of a ziggurat
 72359 | Zig:10   | Identified the +1 scimitar "Qanlo" {drain, +Blink rC++}
 72639 | Depths:3 | Learned a level 6 spell: Iron Shot
 72652 | Depths:3 | Learned a level 3 spell: Frozen Ramparts
 72740 | Zot:1    | Reached skill level 1 in Ice Magic
 74289 | Zot:2    | Identified the +1 robe of Ribolekk {*Corrode Will++ Dex+2
                  | Slay+2}
 74720 | Zot:2    | Identified the +10 mace of Hequ Pent {venom, *Noise rF++}
 74835 | Zot:2    | Identified the staff of conjuration "Aguicount" {rElec}
 75012 | Zot:3    | Reached skill level 5 in Ice Magic
 76160 | Zot:3    | Identified the ring of Fentam {rN+ Int+6}
 76325 | Zot:4    | Noticed an orb of fire
 76328 | Zot:4    | Gained mutation: Your magical capacity is low. (-10% MP)
                  | [an orb of fire]
 76329 | Zot:4    | Gained mutation: You occasionally lose the ability to drink
                  | potions when taking damage. [an orb of fire]
 76342 | Zot:4    | Killed an orb of fire
 76651 | Zot:4    | Found a transporter.
 76653 | Zot:4    | Found a transporter.
 77136 | Zot:4    | Found a transporter.
 77270 | Zot:4    | Received a gift from Okawaru
 77593 | Zot:4    | Found a transporter.
 77593 | Zot:4    | Found a transporter.
 77610 | Zot:4    | Found a transporter.
 78267 | Zot:5    | Entered Level 5 of the Realm of Zot
 78364 | Zot:5    | Found a transporter.
 78562 | Zot:5    | Identified the +0 scale mail of Okawaru, Twisting {*Slow
                  | rPois rC+ rN+} (Okawaru gifted it to you on level 5 of the
                  | Realm of Zot)
 78562 | Zot:5    | Received a gift from Okawaru
 78601 | Zot:5    | Reached skill level 10 in Spellcasting
 78748 | Zot:5    | Noticed an ancient lich
 78772 | Zot:5    | Killed an ancient lich
 78884 | Zot:5    | Noticed an ancient lich
 78913 | Zot:5    | Killed an ancient lich
 78951 | Zot:5    | Gained mutation: You are weak. (Str -2) [mutagenic glow]
 78969 | Zot:5    | Gained mutation: You have supernaturally acute eyesight.
                  | (SInv) [mutagenic glow]
 78978 | Zot:5    | Lost mutation: Your flesh is heat resistant. (rF+)
                  | [mutagenic glow]
 79026 | Zot:5    | Noticed a dread lich
 79044 | Zot:5    | Killed a dread lich
 79151 | Zot:5    | Noticed an orb of fire
 79313 | Zot:5    | Noticed an ancient lich
 79334 | Zot:5    | Killed an ancient lich
 79346 | Zot:5    | Noticed an ancient lich
 79370 | Zot:5    | Killed an ancient lich
 79637 | Zot:5    | Noticed a dread lich
 79651 | Zot:5    | Killed a dread lich
 79802 | Zot:5    | Gained mutation: Potions are less effective at restoring
                  | your health. [an orb of fire]
 79803 | Zot:5    | Lost mutation: Potions are less effective at restoring your
                  | health. [an orb of fire]
 79804 | Zot:5    | Killed an orb of fire
 79807 | Zot:5    | Noticed an orb of fire
 79833 | Zot:5    | Gained mutation: Your magical capacity is very low. (-20%
                  | MP) [an orb of fire]
 79835 | Zot:5    | Killed an orb of fire
 79890 | Zot:5    | Noticed a dread lich
 79917 | Zot:5    | Killed a dread lich
 80301 | Zot:5    | Identified the +5 ring mail "Zoytun" {Drain Will+++ Dex+5}
                  | (Okawaru gifted it to you on level 5 of the Realm of Zot)
 80301 | Zot:5    | Received a gift from Okawaru
 80309 | Zot:5    | Lost mutation: You occasionally lose the ability to drink
                  | potions when taking damage. [potion of mutation]
 80309 | Zot:5    | Lost mutation: Your magical capacity is very low. (-20% MP)
                  | [potion of mutation]
 80309 | Zot:5    | Lost mutation: You are frail. (-10% HP) [potion of
                  | mutation]
 80316 | Zot:5    | Got the Orb of Zot
 80654 | D:11     | Noticed Muotir the pandemonium lord
 80791 | D:3      | Noticed Suthriny the pandemonium lord
 80825 | D:$      | Escaped with the Orb!

Illustrated notes

Levels and vault maps discovered:
D:1:      dpeg_arrival_stonehenge_8_columns, layout_loops_ring, serial_shops,
          shop, st_stairs_8
D:2:      layout_basic
D:3:      layout_rooms, nicolae_overflow_ecumenical_swirl,
          nicolae_wu_jian_wuxing_cycle, serial_shops, shop,
          dilly_guarded_unrand_throatcut, uniq_grinder
D:4:      layout_rooms, nicolae_overflow_crystal_walls,
          nicolae_uskayaw_suspiria, minmay_temple_entry_hall, uniq_pikel
D:5:      minmay_bubble_buster, layout_rooms, trog_wizard, st_stairs_8,
          serial_bayou_pond_c, minivault_25
D:6:      layout_basic, gammafunk_ghost_necromancy, enter_ossuary_4, st_stairs_8
D:7:      layout_loops_cross, nemelex_xobeh_ov_fountains_minmay,
          kiku_gazebo_pond_becter, grunt_ministairs_6, uniq_duvessa
D:8:      layout_gridville, fedhas_altar_3
D:9:      layout_big_octagon, enter_bailey_5
D:10:     layout_basic, david_lair_shrubbed, orc_0_dummy
D:11:     layout_small_grid
D:12:     layout_stronghold, uniq_lodul, uniq_frances
D:13:     layout_rooms, kennysheep_windowed_goal, uniq_urug
D:14:     layout_cave_pools, grunt_vaults_entry_fortified, zin_angel
D:15:     grunt_enter_depths_magical_seal, layout_cave_pods,
          hellmonk_guarded_unrand_salamander
Temple:   eino_temple_water
Lair:1:   layout_big_grid
Lair:2:   layout_loops_ring, minmay_snake_entry_guardpost_medium,
          grunt_megastairs_3
Lair:3:   layout_loops_ring, minmay_swamp_entry_worms, serial_bayou_lagoon_b,
          grunt_megastairs_2
Lair:4:   layout_concentric_octagons, slime_entry_1,
          chequers_serial_rivers_room_a, patterned_corridor,
          serial_bayou_shore_b
Lair:5:   due_jungle_book, layout_long_grid, gauntlet_entry_generic
Swamp:1:  layout_basic_swamp, hellmonk_ghost_happy_afterlife,
          evilmike_swamp_ruin_house_3
Swamp:2:  nicolae_swamp_long_stream, layout_falls_marsh, gammafunk_ghost_grave,
          nicolae_swamp_small_spring, nicolae_swamp_triple_paths, swamp_pool1,
          hangedman_swamp_double_dragon
Swamp:3:  layout_basic_swamp, gammafunk_ghost_arena, serial_swamp_ruin,
          evilmike_swamp_ruin_wall, evilmike_swamp_ruin_house_2,
          hangedman_swamp_ruin_wall
Swamp:4:  nzn_swamp_witches_coven, layout_basic_swamp, swamp_pool1
Snake:1:  layout_onion_interference, serial_shops,
          nicolae_shop_bloodbath_and_beyond, shop, shop, nicolae_integral_box
Snake:2:  layout_basic
Snake:3:  layout_misc_corridors, serial_bayou, serial_bayou_lake_a,
          serial_bayou_crossing, serial_bayou_lagoon_a, serial_bayou_pond_e,
          serial_shops, bzr_entry_lakeside, uniq_vashnia, uniq_nikola,
          uniq_mlioglotl
Snake:4:  minmay_snake_end_coiled, layout_layer_cave, gammafunk_ghost_grave,
          uniq_kirke
Slime:1:  layout_caves
Slime:2:  layout_caves, cheibrodos_slime_lost_civilization_6
Slime:3:  layout_caves
Slime:4:  layout_caves
Slime:5
Orc:1:    layout_caves, portal_ice_cave_entry_pillars_2, minmay_orc_treasury
Orc:2:    st_orc_mages, layout_diamond_mine, minmay_orc_keep, uniq_jorgrun,
          uniq_donald
Elf:1:    nicolae_elf_arrival_no_cutting_in_line, layout_geoelf_octagon,
          basic_altar, serial_shops, nicolae_square_shop,
          kennysheep_underground_church, uniq_asterion, uniq_aizul
Elf:2:    nicolae_elf_blades_splatter_lattice [infiniplex_blade_entry_pillars],
          layout_geoelf_diagonals, uniq_louise
Elf:3:    elf_hall, layout_geoelf_octagon
Vaults:1: grunt_tower_of_power, v_misc_22, hangedman_vaults_restitches,
          v_alt_pattern_4, nicolae_vaults_twisting_passages,
          vaults_room_ringed_pool, nicolae_vaults_two_Ls, vaults_room_door_ring,
          nicolae_vaults_two_Ls, layout_vaults_omnigrid
Vaults:2: mu_enter_wizlab_6, hangedman_vaults_locks,
          nicolae_vaults_network_barrier, nicolae_vaults_trapezoid_4,
          nicolae_vaults_variable_pillar_hall_cross, vaults_mumra_lcd,
          nicolae_vaults_cochlea, grunt_vaults_twisty, nicolae_vaults_diamond_1,
          minmay_crypt_entry_nasty_monster, nicolae_vaults_closet_pinwheel_4,
          nicolae_vaults_murderbox, nicolae_vaults_octothorpe,
          layout_vaults_omnibox, serial_shops, nicolae_shop_tiny_statue_garden
Vaults:3: nicolae_vaults_alarming, ontoclasm_vaults_tryst,
          nicolae_vaults_cornered_office, nicolae_vaults_diamond_1,
          nicolae_vaults_turnstiles, nicolae_vaults_stairing_the_circle,
          v_misc_24, hangedman_vaults_stream, vaults_dpeg_ring,
          nicolae_vaults_more_shelving_1, layout_vaults_big_cross
Vaults:4: hangedman_vaults_slither, dpeg_vaults_monster_box,
          nicolae_vaults_little_squares_6, ontoclasm_vaults_chip,
          nicolae_vaults_yaktaur_gun_rack, nicolae_vaults_what_the_h,
          nicolae_vaults_door_testing_chamber, nicolae_vaults_display_case,
          v_misc_15, v_misc_22, layout_vaults_maze_bifur
Vaults:5
Crypt:1:  layout_misc_corridors, minivault_25, minivault_24,
          grunt_crypt_arrival_split
Crypt:2:  layout_regular_city, item_on_display_a, grunt_megastairs_4
Crypt:3:  lightli_unholy_cathedral, layout_chaotic_city
Depths:1: kennysheep_six_static_rooms, layout_cave_pools,
          abyss_entry_flame_altar, hell_entry, nrook_mini_backslash,
          chequers_serial_rivers_marsh, minmay_three_doors
Depths:2: minmay_swirls_squares, layout_cave_pools, enter_ziggurat_e,
          hell_entry, grunt_pan_entry_zigzag, uniq_grunn
Depths:3: minmay_octagon_city, layout_cave_shapes, pf_hell_entry_great_geh,
          pan_entry, corexii_corridor_pit, abyss_entry, minmay_staircase_statues
Depths:4: evilmike_zot_entry_diamond, layout_cave_pools,
          ebering_dispersal_statue_hall, hell_entry
Zot:1:    layout_cathedral_of_symmetry
Zot:2:    layout_misc_corridors, st_small_dragon_hoard_4
Zot:3:    layout_gridlike
Zot:4:    kennysheep_ambush_hall, layout_cathedral_of_symmetry,
          serial_nicolae_subway, nicolae_sub_station_metal,
          nicolae_sub_station_stone, nicolae_sub_station_crystal
Zot:5:    layout_misc_corridors, grunt_ministairs_6, nicolae_diode_basic

Skill      XL: |  1  2  3  4  5  6  7  8  9 10 11 12 13 14 15 16 17 18 19 20 21 22 23 24 25 26 27 |
---------------+----------------------------------------------------------------------------------+-----
Fighting       | 1 2 3 4 5 6 7 8 9 10 11 13 14 15 17 18 20 23 27 | 27.0
Armour         | 1 2 3 4 5 6 7 8 10 13 15 17 18 20 23 26 27 | 27.0
Maces & Flails | 1 2 |  2.3
Short Blades   | 1 2 3 4 |  4.6
Shields        | 1 3 4 6 7 8 9 13 16 20 24 25 27 | 27.0
Stealth        | 2 3 4 5 6 7 8 |  8.4
Invocations    | 3 4 5 6 7 9 10 12 15 16 17 18 | 18.1
Long Blades    | 2 5 12 15 | 15.2
Dodging        | 4 5 7 8 11 13 14 | 14.9
Spellcasting   | 4 5 6 11 | 11.7
Translocations | 1 7 10 11 14 15 16 | 16.2
Conjurations   | 1 2 |  2.4
Earth Magic    | 2 |  2.5
Ice Magic      | 9 |  9.4
Summonings     | |  0.6

Action                     |  1- 3 |  4- 6 |  7- 9 | 10-12 | 13-15 | 16-18 | 19-21 | 22-24 | 25-27 || total
---------------------------+-------+-------+-------+-------+-------+-------+-------+-------+-------++-------
  Melee: Dagger            |   107 |    45 |       |       |       |       |       |       |       ||   152
         Headbutt          |    13 |    12 |    38 |    90 |   361 |   325 |   742 |   868 |  1057 ||  3506
         Flail             |       |    23 |       |       |       |       |       |       |       ||    23
         Long sword        |       |    29 |   203 |   417 |  1426 |  1244 |  2268 |  2305 |   604 ||  8496
         Short sword       |       |       |       |       |       |       |    29 |       |       ||    29
         Double sword      |       |       |       |       |       |       |       |       |  1978 ||  1978
         Unarmed           |       |       |       |       |       |       |       |       |    42 ||    42
  Throw: Throwing net      |       |       |       |       |       |     2 |     2 |     2 |     1 ||     7
   Cast: Magic Dart        |     9 |     1 |       |       |       |       |       |       |       ||    10
         Manifold Assault  |       |       |       |       |       |       |       |       |     7 ||     7
         Lesser Beckoning  |       |       |       |       |       |       |       |       |    16 ||    16
         Apportation       |       |       |       |       |       |       |       |       |     2 ||     2
         Dispersal         |       |       |       |       |       |       |       |       |     1 ||     1
 Invoke: Heroism           |       |       |     5 |    18 |    40 |    47 |    56 |    41 |    29 ||   236
         Finesse           |       |       |       |     1 |    12 |    10 |     8 |    11 |     7 ||    49
  Evoke: Wand              |       |       |       |     4 |    16 |    19 |    16 |     3 |     9 ||    67
         Phial of floods   |       |       |       |       |       |       |     1 |       |       ||     1
    Use: Scroll            |     4 |     3 |     9 |    18 |    10 |    11 |    16 |    24 |    20 ||   115
         Potion            |     1 |     2 |     1 |     7 |     2 |    17 |    21 |    21 |    26 ||    98
   Stab: Sleeping          |       |       |     6 |     4 |    17 |    10 |     9 |     1 |       ||    47
         Invisible         |       |       |     3 |       |       |     1 |       |       |       ||     4
         Distracted        |       |       |     1 |       |     2 |     3 |     2 |     4 |     5 ||    17
         Paralysed         |       |       |       |       |       |       |     2 |       |       ||     2
         Held in net/web   |       |       |       |       |       |       |     2 |     2 |     1 ||     5
 Armour: Robe              |     5 |       |       |       |       |       |       |       |       ||     5
         Leather armour    |    35 |    39 |    50 |   124 |       |       |       |       |       ||   248
         Ring mail         |       |       |       |    22 |   235 |   123 |     9 |       |       ||   389
         Swamp dragon scal |       |       |       |       |       |       |   144 |       |       ||   144
         Crystal plate arm |       |       |       |       |       |       |    96 |       |       ||    96
         Chain mail        |       |       |       |       |       |       |    97 |   288 |   524 ||   909
  Dodge: Dodged            |    63 |    25 |    65 |   142 |   252 |   198 |   500 |   567 |   867 ||  2679
         Repelled          |       |       |       |       |       |       |       |    14 |    43 ||    57
  Block: Tower shield      |       |    37 |   144 |   375 |  1245 |  1345 |  2705 |  2437 |  3252 || 11540
